 Dungeon Crawl Stone Soup version 0.30.2 (webtiles) character file.

Game seed: 11484983198833368901

54 porpoise the Chopper (level 3, -4/28 HPs)
             Began as a Demonspawn Gladiator on Jan 28, 2024.
             Slain by a gnoll
             ... wielding a +0 club
              (6 damage)
             ... on level 2 of the Dungeon.
             The game lasted 00:03:28 (965 turns).

porpoise the Chopper (Demonspawn Gladiator)          Turns: 965, Time: 00:03:28

Health: -4/28      AC:  5    Str: 16    XL:     3   Next: 66%
Magic:  3/3        EV: 12    Int:  9    God:
Gold:   71         SH:  0    Dex: 14    Spells: 2/2 levels left

rFire   + . .        a - +0 war axe
rCold   + . .        (no shield)
rNeg    . . .        b - +0 leather armour
rPois   +            (helmet restricted)
rElec   +            i - +0 cloak
rCorr   +            (no gloves)
SInv    .            f - +0 pair of boots
Will    .....        (no amulet)
Stlth   +            (no ring)
HPRegen 0.24/turn    (no ring)
MPRegen 0.08/turn

%: no passive effects
@: resistant
A: horns 1
a: no special abilities


You were on level 2 of the Dungeon.
You visited 1 branch of the dungeon, and saw 2 of its levels.

You collected 71 gold pieces.

Inventory:

Hand Weapons
 a - a +0 war axe (weapon)
 n - a +1 dagger of venom
Missiles
 d - 3 throwing nets (quivered)
 e - a javelin
 m - 3 poisoned darts
Armour
 b - a +0 leather armour (worn)
 f - a +0 pair of boots (worn)
 i - a +0 cloak (worn)
Jewellery
 k - a +6 ring of dexterity
Wands
 l - a wand of roots (7)
Scrolls
 c - 2 scrolls of identify {unknown}
 j - a scroll of teleportation {unknown}
Potions
 h - a potion of curing {unknown}


   Skills:
 + Level 2.8 Fighting
 * Level 3.8 Axes
 - Level 1.7 Throwing
 - Level 2.6 Dodging


You had 2 spell levels left.
You didn't know any spells.
Your spell library was empty.

Dungeon Overview and Level Annotations

Branches:
Dungeon (2/15)

Altars:

Annotations:
D:2 1 exclusion


Innate Abilities, Weirdness & Mutations

You have a pair of small horns on your head.


Message History

A gnoll comes into view. It is wielding a +0 war axe.
The gnoll shouts!
You hear a shout! x2
Found 2 orange potions.
Found a stone staircase leading down.
A gnoll comes into view. It is wielding a +0 whip.
The gnoll throws a throwing net.
The throwing net hits you.
You become entangled in the net!
You struggle against the net.
You struggle against the net.
You struggle against the net.
You rip the net and break free!
The gnoll misses you.
You barely miss the gnoll. The gnoll closely misses you.
You barely miss the gnoll. You hit the gnoll but do no damage.
The gnoll misses you. The gnoll completely misses you.
You closely miss the gnoll. x2; The gnoll misses you.
The gnoll barely misses you. The gnoll hits you with a +0 whip.
The gnoll closely misses you.
The gnoll shouts!
You hit the gnoll.
The gnoll is moderately wounded.
You hit the gnoll. The gnoll hits you with a +0 whip!
The gnoll closely misses you.
You closely miss the gnoll. Your headbutt misses the gnoll.
The gnoll is moderately wounded.
You barely miss the gnoll. The gnoll hits you with a +0 war axe.
The gnoll hits you with a +0 whip!
* * * LOW HITPOINT WARNING * * *
You are too injured to fight recklessly!
You closely miss the gnoll. Your headbutt misses the gnoll.
The gnoll is moderately wounded.
You hit the gnoll but do no damage. You hit the gnoll.
The gnoll hits you with a +0 club.
* * * LOW HITPOINT WARNING * * *
The gnoll barely misses you. The gnoll hits you with a +0 war axe.
* * * LOW HITPOINT WARNING * * *
The gnoll closely misses you. The gnoll hits you but does no damage.
It was a potion of resistance.
You feel protected. The gnoll hits you but does no damage.
The gnoll closely misses you. The gnoll hits you with a +0 club.
You die...

#.#..# #.##..#..<...# # ####..#.#
#.##...###...# #
#...#.#.##.....#.# ......
#.....#..#.###.## ...###
####.....##.# #..# ...#
#^.)...))†).####.######
##.###..####†.###..### ###
##.#####..###...##.....##...###..
............##.g@)).............#
.##..........>.ggg..######..#####
#..........##..#.## ##......
##########.....#... ##..#..
#............ .......
#...###.###..># ##.... #.### #.#
##.. ...... #g. #.# ## #####.#
#.. #.! #.#


You could see 4 gnolls.

Vanquished Creatures
  Robin (D:2)
  A dart slug (D:1)
  2 ball pythons (D:2)
  3 endoplasms (D:1)
  3 giant cockroaches
  3 hobgoblins
  2 jackals (D:1)
  A quokka (D:2)
  A bat (D:2)
  12 goblins
  3 kobolds (D:1)
  4 rats
36 creatures vanquished.

Notes
Turn   | Place    | Note
-------+----------+-------------------------------------------
     0 | D:1      | porpoise the Demonspawn Gladiator began the quest for the
                  | Orb.
     0 | D:1      | Reached XP level 1. HP: 16/16 MP: 1/1
   170 | D:1      | Reached skill level 3 in Axes
   173 | D:1      | Gained mutation: You have a pair of small horns on your
                  | head. [demonic ancestry]
   173 | D:1      | Reached XP level 2. HP: 20/22 MP: 2/2
   814 | D:2      | Reached XP level 3. HP: 28/28 MP: 3/3
   874 | D:2      | Noticed Robin
   879 | D:2      | Killed Robin
   965 | D:2      | Slain by a gnoll

Illustrated notes

Levels and vault maps discovered:
D:1:      amcnicky_arrival_wind_blow, layout_loops_ring
D:2:      layout_rooms, uniq_robin, uniq_crazy_yiuf_cottage

Skill      XL: |  1 |
---------------+----+-----
Axes           | 3 |  3.8
Fighting       | |  2.8
Throwing       | |  1.7
Dodging        | |  2.6

Action                     || total
---------------------------++-------
  Melee: War axe           ||    73
         Headbutt          ||    10
    Use: Potion            ||     1
   Stab: Sleeping          ||     1
 Armour: Leather armour    ||    16
  Dodge: Dodged            ||    44
